 Dungeon Crawl Stone Soup version 0.27.0-1-g7a089689b8 (webtiles) character file.

Game seed: 11417737493099287004

1020 Colgate the Magician (level 7, 0/50 HPs)
             Began as a Demigod Summoner on Aug 13, 2021.
             Splashed by a jelly's acid (3 damage)
             ... on level 6 of the Dungeon.
             The game lasted 01:14:31 (9512 turns).

Colgate the Magician (Demigod Summoner)             Turns: 9512, Time: 01:14:31

Health: 0/50       AC:  8    Str:  9    XL:     7   Next: 71%
Magic:  13/22      EV: 12    Int: 25    God:
Gold:   244        SH:  0    Dex: 20    Spells: 10/21 levels left

rFire    + + .     SeeInvis .   a - +2 scythe (venom)
rCold    x . .     Faith    .   (shield currently unavailable)
rNeg     . . .     Spirit   .   A - +5 robe of Subjectivity {rF+ rCorr}
rPois    .         Reflect  .   (no helmet)
rElec    .         Harm     .   (no cloak)
rCorr    +         Rampage  .   (no gloves)
Will     .....                  x - +0 pair of boots
Stlth    ++........             (no amulet)
HPRegen  0.16/turn              s - ring of fire
MPRegen  0.18/turn              w - +6 ring of dexterity

@: very slightly contaminated
A: high mp 1, forlorn
a: no special abilities


You were on level 6 of the Dungeon.
You visited 1 branch of the dungeon, and saw 6 of its levels.

You collected 296 gold pieces.
You spent 52 gold pieces at shops.

Inventory:

Hand Weapons
 a - a +2 scythe of venom (weapon)
 b - a +0 short sword of speed
 l - a +0 hunting sling
 C - a +1 dagger of holy wrath
Missiles
 c - 62 bolts
 d - 48 sling bullets
 g - 7 boomerangs
 i - 127 stones
 j - 79 arrows
 n - 3 javelins
 v - 9 poisoned darts
 D - 2 boomerangs of dispersal
Armour
 h - a +0 tower shield
 x - a +0 pair of boots (worn)
 A - the +5 robe of Subjectivity (worn) {rF+ rCorr}
   (You found it on level 5 of the Dungeon)

   rF:        It protects you from fire.
   rCorr:     It protects you from acid and corrosion.
Jewellery
 s - a ring of fire (left hand)
 w - a +6 ring of dexterity (right hand)
Wands
 p - a wand of flame (34)
Scrolls
 f - a scroll of amnesia {unknown}
 k - 3 scrolls of teleportation
 q - a scroll of fear {unknown}
 t - a scroll of holy word {unknown}
 y - 2 scrolls of vulnerability {unknown}
 B - 2 scrolls of noise {unknown}
Potions
 e - 2 potions of heal wounds
 m - 2 potions of haste
 o - a potion of brilliance
 u - a potion of might
 z - a potion of flight


   Skills:
 - Level 1.7 Dodging
 - Level 1.7 Stealth
 + Level 7.8 Spellcasting
 - Level 4.0 Summonings


You had 10 spell levels left.
You knew the following spells:

 Your Spells              Type           Power      Damage    Failure   Level
a - Summon Small Mammal   Summ           100%       N/A       1%          1
b - Call Imp              Summ           29%        N/A       1%          2
c - Call Canine Familiar  Summ           29%        N/A       3%          3
d - Summon Guardian Gole  Hex/Summ       19%        N/A       9%          3
e - Passwall              Tmut/Erth      7%         N/A       10%         2

Your spell library contained the following spells:

 Spells                   Type           Power      Damage    Failure   Level
 Foxfire                  Conj/Fire      56%        2x1d6     6%          1
 Slow                     Hex            9%         N/A       10%         2
 Confusing Touch          Hex            9%         N/A       19%         3
 Stone Arrow              Conj/Erth      18%        3d8       19%         3
 Summon Lightning Spire   Summ/Air       19%        N/A       26%         4
 Yara's Violent Unravell  Hex/Tmut       4%         3d4       86%         5
 Iron Shot                Conj/Erth      4%         9d2       100%        6
 Lehudib's Crystal Spear  Conj/Erth      4%         10d3      100%        8


Dungeon Overview and Level Annotations

Branches:
Dungeon (6/15)             Temple (0/1) D:4

Shops:
D:2 !??*   D:3 (


Innate Abilities, Weirdness & Mutations

Your attributes grow dramatically as you level up.
You have an increased reservoir of magic. (+10% MP)
You shall have no god before yourself.


Message History

There is an escape hatch in the ceiling here.
Okay, then.
Casting: Call Imp (safe; 1% risk of failure)
Confirm with . or Enter, or press ? or * to list all spells.
Okay, then.
Casting: Call Imp (safe; 1% risk of failure)
Confirm with . or Enter, or press ? or * to list all spells.
Aiming: Passwall (safe; 10% risk of failure)
Press: ? - help, Dir - move target A rock wall.
Okay, then.
Casting: Passwall (safe; 10% risk of failure)
Confirm with . or Enter, or press ? or * to list all spells.
Aiming: Passwall (safe; 10% risk of failure)
Press: ? - help, Dir - move target A rock wall.
Okay, then.
Unknown command.
Casting: Passwall (safe; 10% risk of failure)
Confirm with . or Enter, or press ? or * to list all spells.
Aiming: Passwall (safe; 10% risk of failure)
Press: ? - help, Dir - move target A rock wall.
You miscast Passwall.
You are very lightly contaminated with residual magic.
Nothing appears to happen.
The ogre closely misses you.
Casting: Passwall (safe; 10% risk of failure)
Confirm with . or Enter, or press ? or * to list all spells.
Aiming: Passwall (safe; 10% risk of failure)
Press: ? - help, Dir - move target A rock wall.
You begin to meditate on the wall.
You continue meditating on the rock.
The ogre hits you with a +0 giant club!!
* * * LOW HITPOINT WARNING * * *
The jelly closely misses you.
You continue meditating on the rock.
The ogre barely misses you. The jelly hits you.
* * * LOW HITPOINT WARNING * * *
You are splashed with acid.
You resist.
You die...

##.......# #.# #.#
5.....#### #.# #.#
##.##.# ##.## #.#
#.##.# ##...## #.#
#.##.# #.....#####.#
#....# ##...#......#
####.# ##)##.######
#####.#########.##.#
........<.5.5..O@..#
###############J####
#.# #######.#####
............#
#####...###.#
#...###.#####
####.....).....#
........##รท###.#


You could see an ogre (ally target), a jelly and 2 friendly crimson imps.

Vanquished Creatures
  A phantom (D:4)
  Dowan (D:5)
  A jelly (D:5)
  A hound (D:6)
  A howler monkey skeleton (D:6)
  An adder (D:2)
  A shadow imp (D:6)
  A worm (D:3)
  A dart slug (D:5)
  An orc (D:5)
  2 ball pythons (D:2)
  4 endoplasms
  A giant cockroach (D:1)
  2 goblins
  2 hobgoblins
  A jackal (D:5)
  A quokka (D:1)
  A frilled lizard (D:3)
  A kobold (D:1)
  A rat (D:2)
26 creatures vanquished.

Vanquished Creatures (collateral kills)
  Sigmund (D:3)
  A water moccasin (D:6)
  The ghost of Granthy the Sneak, an amateur SpEn (D:5)
  2 black bears
  A water moccasin zombie (D:5)
  2 scorpions
  A nameless horror (D:5)
  2 hounds (D:5)
  An orc wizard (D:5)
  4 adders
  A howler monkey skeleton (D:3)
  A white imp (D:5)
  3 worms
  2 dart slugs (D:1)
  4 orcs
  2 ball pythons
  3 bats
  7 endoplasms
  A giant cockroach (D:1)
  5 goblins
  5 hobgoblins
  14 jackals
  3 frilled lizards
  4 kobolds
  5 rats
76 creatures vanquished.

Vanquished Creatures (others)
  Duvessa (D:5)
  A centaur (D:6)
  A wyvern skeleton (D:6)
  A centaur zombie (D:5)
  A howler monkey zombie (D:6)
  2 withered plants (D:5)
7 creatures vanquished.

Grand Total: 109 creatures vanquished

Notes
Turn   | Place    | Note
-------+----------+-------------------------------------------
     0 | D:1      | Colgate the Demigod Summoner began the quest for the Orb.
     0 | D:1      | Reached XP level 1. HP: 14/14 MP: 5/5
   605 | D:1      | Reached skill level 2 in Spellcasting
   605 | D:1      | Reached XP level 2. HP: 20/20 MP: 0/7
   608 | D:1      | Learned a level 2 spell: Call Imp
   895 | D:2      | Found Qilymeh's Magic Scroll Emporium.
  1239 | D:2      | Bought 2 scrolls of identify for 52 gold pieces
  1347 | D:2      | Reached XP level 3. HP: 26/26 MP: 4/9
  1414 | D:2      | Found Xuud Cau's Distillery.
  1463 | D:2      | Found Tidilaof's Jewellery Boutique.
  1822 | D:2      | Learned a level 3 spell: Call Canine Familiar
  2140 | D:2      | Reached skill level 3 in Spellcasting
  2237 | D:2      | Found Wilic's General Store.
  2251 | D:2      | Found Wucwava's Magic Scroll Shop.
  3674 | D:3      | Found Veleun's Antique Weapon Boutique.
  4082 | D:3      | Reached XP level 4. HP: 33/33 MP: 2/12
  4296 | D:3      | Noticed Sigmund
  4544 | D:4      | Noticed a black bear
  4559 | D:4      | Killed a black bear
  4560 | D:4      | Reached skill level 4 in Spellcasting
  5320 | D:4      | Found a staircase to the Ecumenical Temple.
  5398 | D:4      | Noticed a phantom
  5430 | D:4      | Killed a phantom
  5431 | D:4      | Reached XP level 5. HP: 26/38 MP: 6/15
  6215 | D:4      | Got the Grimoire of Clay and Fire
  6610 | D:5      | Entered Level 5 of the Dungeon
  6616 | D:5      | Identified the +5 robe of Subjectivity {rF+ rCorr}
  6730 | D:5      | Found a runed translucent door.
  6736 | D:5      | Reached skill level 5 in Spellcasting
  6827 | D:5      | Noticed a black bear
  6834 | D:5      | Killed a black bear
  7110 | D:5      | Noticed Granthy's ghost (amateur SpEn)
  7215 | D:5      | Reached XP level 6. HP: 45/45 MP: 8/17
  7305 | D:5      | Learned a level 3 spell: Summon Guardian Golem
  7823 | D:5      | Noticed Duvessa
  7823 | D:5      | Noticed Dowan
  7840 | D:5      | Killed Duvessa
  7841 | D:5      | Reached skill level 6 in Spellcasting
  7859 | D:5      | Killed Dowan
  8325 | D:5      | Killed Granthy's ghost
  8326 | D:5      | Reached XP level 7. HP: 46/50 MP: 7/20
  8539 | D:3      | Killed Sigmund
  8540 | D:3      | Reached skill level 7 in Spellcasting
  9417 | D:6      | Learned a level 2 spell: Passwall
  9512 | D:6      | Splashed by a jelly's acid

Illustrated notes

Levels and vault maps discovered:
D:1:      eino_arrival_druids_welcome, layout_rooms,
          hangedman_abyss_or_decor_stabs
D:2:      layout_rooms, serial_shops, nicolae_shop_crystal,
          nicolae_diamond_shop, nicolae_square_shop, shop_statue,
          nicolae_square_shop
D:3:      layout_loops_ring, mainiacjoe_overflow_cross_hatched, serial_shops,
          shop_fountains, basic_ecumenical_altar,
          chequers_serial_rivers_micro_d, uniq_sigmund
D:4:      layout_layer_cave, minmay_temple_entry_tees
D:5:      layout_basic, gammafunk_ghost_grave, kennysheep_flooded_box,
          uniq_duvessa
D:6:      wander_river, layout_loops_corners, serial_shops, nicolae_shop_stone

Skill      XL: |  1  2  3  4  5  6  7 |
---------------+----------------------+-----
Summonings     | 4 |  4.0
Spellcasting   | 2 3 4 5 6 7 |  7.8
Dodging        | |  1.7
Stealth        | |  1.7

Action                   |  1- 3 |  4- 6 |  7- 9 || total
-------------------------+-------+-------+-------++-------
Melee: Unarmed           |     9 |       |       ||     9
       Spear             |    91 |    48 |       ||   139
       Short sword       |       |    84 |       ||    84
       Dagger            |       |     1 |       ||     1
       Scythe            |       |       |    27 ||    27
 Fire: Hunting sling     |     8 |       |       ||     8
Throw: Javelin           |       |     1 |       ||     1
 Cast: Summon Small Mamm |    23 |     8 |       ||    31
       Call Imp          |    77 |    95 |    23 ||   195
       Call Canine Famil |    12 |    30 |     9 ||    51
       Summon Guardian G |       |     6 |     4 ||    10
       Passwall          |       |       |     1 ||     1
Evoke: Wand              |       |     2 |       ||     2
  Use: Scroll            |     4 |     3 |       ||     7
 Stab: Sleeping          |     6 |     2 |       ||     8
       Distracted        |       |     2 |       ||     2
Armor: Robe              |    12 |    22 |    16 ||    50
Dodge: Dodged            |    60 |    44 |    33 ||   137
Block: Buckler           |       |    12 |       ||    12
